AoeStats
← Trabzonli Bela

Migration

506327247Analyzed
1v1 RM · 20d ago on Sep 13, 2026· 24m 51s· 2 players
Game mode
Random Map
Map size
132×132
Population
200
Speed
Normal
Resources
Standard
Victory
Conquest
Starting age
Dark Age
Ending age
Imperial Age
RankedLock teamsTeams togetherTeam positionsShared explorationLock speedFull tech treeHidden civsTurbo modeCheats
Victory
Defeat
🇹🇷 Vikings · Türkiye
861
+15
🇧🇪 Vietnamese · Belgium
844
-15
pApArOACh
0:34 Loom
10:53 Feudal Age
11:22 Double-Bit Axe
20:47 Castle Age
22:32 Scale Barding Armor
Trabzonli Bela
7:43 Loom
11:11 Feudal Age
11:37 Double-Bit Axe
17:01 Castle Age
14:50 Fishing Lines
Connection lost

Rejoining the realm…

Still unreachable

The connection could not be restored.

Session expired

The server has moved on; the page needs a fresh start.